 Dungeon Sprint DCSS version 0.26-a0-660-gc07710193c (webtiles) character file.

Game seed: 7864785191967491072

172 rocky1 the Chopper (level 5, -1/56 HPs)
             Began as a Minotaur Gladiator on Oct 8, 2020.
             Slain by a shadow (7 damage)
             ... in the Dungeon (Sprint III: "The Ten Rune Challenge").
             The game lasted 00:01:31 (545 turns).

rocky1 the Chopper (Minotaur Gladiator)              Turns: 545, Time: 00:01:32

Health: -1/56      AC:  5    Str: 19    XL:     5   Next: 27%
Magic:  4/4        EV: 14    Int:  5    God:
Gold:   39         SH:  0    Dex: 10    Spells: 4/4 levels left

rFire    . . .     SeeInvis .   a - +0 war axe
rCold    . . .     Faith    .   (no shield)
rNeg     . . .     Spirit   .   b - +0 leather armour
rPois    .         Reflect  .   c - +0 hat
rElec    .         Harm     .   f - +0 cloak
rCorr    .         Rampage  .   (no gloves)
MR       .....     NoTele   +   (no boots)
Stlth    +.........             (no amulet)
HPRegen  0.18/turn              (no ring)
MPRegen  0.09/turn              (no ring)

@: no status effects
A: retaliatory headbutt, claws 1, horns 2, clumsy 1, sense surroundings 1,
robust 1
a: no special abilities


You were in the Dungeon.
You visited 1 branch You collected 39 gold pieces.

Inventory:

Hand Weapons
 a - a +0 war axe (weapon)
Missiles
 d - 3 throwing nets (quivered)
Armour
 b - a +0 leather armour (worn)
 c - a +0 hat (worn)
 f - a +0 cloak (worn)
Scrolls
 j - a scroll of blinking
 k - 2 scrolls of immolation {unknown}
 l - 2 scrolls of identify
 m - 4 scrolls of remove curse
Potions
 e - 2 potions of curing
 g - 3 potions of mutation
 h - 2 potions of magic
 n - 2 potions of haste
 o - a potion of lignification {unknown}


   Skills:
 + Level 6.8 Fighting
 + Level 7.4 Axes
 - Level 2.0 Throwing
 + Level 6.2 Armour
 + Level 6.8 Dodging


You had 4 spell levels left.
You didn't know any spells.
Your spell library was empty.

Dungeon Overview and Level Annotations

Branches:
Dungeon (1/1)

Altars:


Innate Abilities, Weirdness & Mutations

You reflexively headbutt those who attack you in melee.
You have a pair of horns on your head.
You have sharp fingernails.
You are clumsy. (Dex -2)
You passively map a small area around you.
You are robust. (+10% HP)


Message History

The shadow hits you!
There is an open door here.
You hit the shadow. You headbutt the shadow.
The shadow is moderately damaged.
The shadow slips into darkness.
The shadow flickers and vanishes!
Deactivating autopickup; reactivate with Ctrl-A.
You miss something. Your headbutt misses something.
The shadow strikes at you from the darkness!
Ouch! That really hurt!
* * * LOW HITPOINT WARNING * * *
Reactivating autopickup.
You hit the shadow. You headbutt the shadow.
The shadow is severely damaged.
The shadow hits you!
* * * LOW HITPOINT WARNING * * *
You closely miss the shadow.
The shadow is severely damaged.
The shadow hits you!
You die...

▓ ▓▓▓ ♣♣ ♣.#* *** *
* .♣ ♣♣.# _* * .♣
♣..# _ ,
♣♣♣♣..###+#+###+##
,
♣...♣.#..........#,
,
≈♣..♣.'.⌠........#
≈≈≈♣..#...######@#
* , ≈≈....#.⌠.#_
#.W.#+ *
≈.....#...# #...# ≈
......#+###_ #...#
......#, #...+,
......# _ +...#
▓▓▓▓▓▓▓ ▓▓▓▓▓ * * *
≈ ,, ≈


You could see a shadow.

Vanquished Creatures
  A water elemental (D)
  A jelly (D)
  Crazy Yiuf (D)
  Jessica (D)
  A human (D)
  An ooze (D)
  2 rats (D)
8 creatures vanquished.

Vanquished Creatures (others)
  2 plants (D)
2 creatures vanquished.

Grand Total: 10 creatures vanquished

Notes
Turn   | Place    | Note
-------+----------+-------------------------------------------
     0 | D        | rocky1 the Minotaur Gladiator began the quest for the Orb.
     0 | D        | Reached XP level 1. HP: 18/18 MP: 0/0
    12 | D        | Reached skill level 4 in Axes
    12 | D        | Reached skill level 1 in Armour
   210 | D        | Noticed Jessica
   211 | D        | Killed Jessica
   211 | D        | Reached skill level 5 in Axes
   211 | D        | Reached XP level 2. HP: 27/27 MP: 1/1
   211 | D        | Reached XP level 3. HP: 33/33 MP: 2/2
   293 | D        | Reached skill level 5 in Dodging
   298 | D        | Noticed Crazy Yiuf
   310 | D        | Killed Crazy Yiuf
   310 | D        | Reached skill level 5 in Fighting
   310 | D        | Reached skill level 6 in Axes
   310 | D        | Reached XP level 4. HP: 25/42 MP: 0/3
   452 | D        | Gained mutation: You are robust. (+10% HP) [potion of
                  | mutation]
   452 | D        | Gained mutation: You are clumsy. (Dex -2) [potion of
                  | mutation]
   452 | D        | Gained mutation: You have sharp fingernails. [potion of
                  | mutation]
   452 | D        | Gained mutation: You passively map a small area around you.
                  | [potion of mutation]
   480 | D        | Noticed a water elemental
   483 | D        | Killed a water elemental
   483 | D        | Reached skill level 7 in Axes
   483 | D        | Reached skill level 5 in Armour
   483 | D        | Reached XP level 5. HP: 56/56 MP: 4/4
   540 | D        | Noticed a shadow
   545 | D        | Slain by a shadow

Illustrated notes

Levels and vault maps discovered:
D:        dungeon_sprint_mu [sprint_mu_entry_forest, sprint_mu_temple_rooms,
          sprint_mu_d1_horrors, sprint_mu_d2_genie, sprint_mu_d3_branching,
          sprint_mu_orc_legion, sprint_mu_elf_gauntlet, sprint_mu_hive_nellie,
          sprint_mu_lair_fedhas, sprint_mu_vaults_butterflies,
          sprint_mu_slime_circle, sprint_mu_swamp_cave, sprint_mu_snake_twists,
          sprint_mu_blade_basic, sprint_mu_crypt_chambers,
          sprint_mu_tomb_spiral, sprint_mu_vestibule_basic,
          sprint_mu_gehenna_hellfire, sprint_mu_dis_giant,
          sprint_mu_tartarus_statrot, sprint_mu_cocytus_islands, sprint_mu_zot1]

Skill      XL: |  1  2  3  4  5 |
---------------+----------------+-----
Fighting       | 4 5 6 |  6.8
Axes           | 5 6 7 |  7.4
Armour         | 3 4 5 6 |  6.2
Dodging        | 4 5 6 |  6.8
Throwing       | |  2.0

Action                   |  1- 3 |  4- 6 || total
-------------------------+-------+-------++-------
Melee: War axe           |    22 |     7 ||    29
       Headbutt          |     6 |     4 ||    10
  Use: Potion            |     2 |     2 ||     4
Armor: Leather armour    |     1 |       ||     1
Dodge: Dodged            |    12 |     3 ||    15

Table legend: (Time is in decaauts)
 A = Elapsed time spent in this place.
 B = Non-inter-level travel time spent in this place.
 C = Inter-level travel time spent in this place.
 D = Time resting spent in this place.
 E = Time spent auto-exploring this place.
 F = Levels seen in this place.
 G = Mean time per level.
                   A        B        C        D        E       F      G
               +--------+--------+--------+--------+--------+-----+--------+
         Total |    542 |    542 |      0 |    399 |      0 |   1 |  542.0 |
       Dungeon |    542 |    542 |      0 |    399 |      0 |   1 |  542.0 |
               +--------+--------+--------+--------+--------+-----+--------+

Top non-repeatable levels by time:
       D: 542 daAuts
